 Dungeon Crawl Stone Soup version 0.31.0-32-g396128a36d (webtiles) character file.

Game seed: 9579743064972608383

1045 monsoonserge the Ruffian (level 8, -3/90 HPs)
             Began as a Gnoll Shapeshifter on Mar 11, 2024.
             Was an Initiate of Wu Jian.
             Slain by an iguana (10 damage)
             ... on level 5 of the Dungeon.
             The game lasted 00:08:09 (3312 turns).

monsoonserge the Ruffian (Gnoll Shapeshifter)       Turns: 3312, Time: 00:08:10

Health: -3/90      AC: 24    Str: 16    XL:     8   Next: 25%
Magic:  12/12      EV:  2    Int:  9    God:    Wu Jian [......]
Gold:   271        SH:  0    Dex: 12    Spells: 13/13 levels left

rFire   . .          .
                       - Unarmed
rCold   . . .        (no shield)
rNeg    . . .        e - melded +0 ring mail
rPois   +            (helmet currently unavailable)
rElec   .            (cloak currently unavailable)
rCorr   .            (gloves currently unavailable)
SInv    .            h - melded +1 pair of boots
Will    .....        (no amulet)
Stlth   ++           (no ring)
HPRegen 0.35/turn    (no ring)
MPRegen 0.13/turn

%: no passive effects
@: tree-form
A: stationary, stasis, torment immunity, boosted hp, (fangs 1), strong nose,
distributed training
a: Renounce Religion


You were on level 5 of the Dungeon.
You worshipped Wu Jian.
Wu Jian was noncommittal.
You were a tree.
You visited 1 branch of the dungeon, and saw 5 of its levels.

You collected 271 gold pieces.

Inventory:

Hand Weapons
 l - a +1 sling of freezing
Missiles
 m - 5 boomerangs (quivered)
 o - 3 javelins
 q - 5 poisoned darts
Armour
 e - a +0 ring mail (melded)
 h - a +1 pair of boots (melded)
Jewellery
 t - a ring of ice
Talismans
 c - a beast talisman
 d - a flux talisman (active)
Wands
 f - a wand of roots (3)
Scrolls
 a - a scroll of enchant armour {unknown}
 j - 2 scrolls of teleportation {unknown}
 k - a scroll of immolation {unknown}
 n - 2 scrolls of identify {unknown}
 p - a scroll of amnesia {unknown}
 s - a scroll of summoning {unknown}
 u - a scroll of revelation {unknown}
 v - a scroll of poison {unknown}
 w - a scroll of acquirement {unknown}
 x - a scroll of silence {unknown}
Potions
 b - a potion of lignification
 g - a potion of curing {unknown}
 i - 2 potions of heal wounds {unknown}
 r - 2 potions of degeneration {unknown}


   Skills:
 + Level 4.2 Fighting
 + Level 3.2 Short Blades
 + Level 3.2 Long Blades
 + Level 3.2 Axes
 + Level 3.2 Maces & Flails
 + Level 3.2 Polearms
 + Level 3.2 Staves
 + Level 3.2 Ranged Weapons
 + Level 3.2 Throwing
 + Level 3.2 Armour
 + Level 5.6 Dodging
 + Level 3.2 Stealth
 + Level 3.2 Shields
 + Level 7.3 Unarmed Combat
 + Level 3.2 Spellcasting
 + Level 2.6 Conjurations
 + Level 2.6 Hexes
 + Level 2.6 Summonings
 + Level 2.6 Necromancy
 + Level 2.6 Translocations
 + Level 2.6 Fire Magic
 + Level 2.6 Ice Magic
 + Level 2.6 Air Magic
 + Level 2.6 Earth Magic
 + Level 2.6 Alchemy
 + Level 3.5 Invocations
 + Level 3.2 Evocations
 + Level 7.2 Shapeshifting


You had 13 spell levels left.
You didn't know any spells.
Your spell library contained the following spells:

 Spells                   Type           Power      Damage    Failure   Level
 Shock                    Conj/Air       24%        1d4       10%         1
 Call Imp                 Summ           12%        N/A       16%         2
 Ensorcelled Hibernation  Hex/Ice        12%        N/A       16%         2
 Sublimation of Blood     Necr           6%         N/A       16%         2
 Fugue of the Fallen      Necr           6%         N/A       30%         3
 Passwall                 Erth           6%         N/A       30%         3
 Swiftness                Air            6%         N/A       30%         3
 Airstrike                Air            3%         2d(1-17)  69%         4
 Anguish                  Hex/Necr       3%         N/A       69%         4
 Summon Hydra             Summ           3%         N/A       100%        7


Dungeon Overview and Level Annotations

Branches:
Dungeon (5/15)
 Temple: D:4-7

Altars:
Ashenzari
Cheibriados
Dithmenos
Kikubaaqudgha
Makhleb
Okawaru
Wu Jian

Annotations:
D:5 Duvessa


Innate Abilities, Weirdness & Mutations

You are a tree.
Your roots penetrate the ground, keeping you stationary.
You cannot be teleported.
You are immune to unholy pain and torment.
Your maximum health is greatly increased.
Your equipment is partially melded.
((You have very sharp teeth.))
Your uncanny sense of smell can sniff out nearby items.
Your experience applies equally to all skills.


Message History

The sleepcap is lightly damaged.
The grasping roots constrict Duvessa.
The roots release their grip on Duvessa.
The sleepcap releases spores at you.
You are engulfed in a cloud of soporific spores!
You fall asleep.
Duvessa hits you with a +0 rapier of protection!!
You wake up.
You completely miss Duvessa.
Duvessa is heavily wounded.
Duvessa hits you with a +0 rapier of protection!
* * * LOW HITPOINT WARNING * * *
The sleepcap closely misses you.
Unknown command.
Okay, then.
Your transformation has ended.
Your +0 ring mail unmelds from your body.
You turn into a tree.
Your +1 pair of boots melds into your body.
Your +0 ring mail melds into your body.
Your roots penetrate the ground.
Duvessa hits you but does no damage.
The sleepcap releases spores at you but does no damage.
You hit Duvessa but do no damage.
Duvessa is heavily wounded.
Duvessa hits you with a +0 rapier of protection.
* * * LOW HITPOINT WARNING * * *
Duvessa barely misses you.
Unknown command.
You smack Duvessa!
Duvessa is severely wounded.
The iguana bites you.
* * * LOW HITPOINT WARNING * * *
The sleepcap releases spores at you.
* * * LOW HITPOINT WARNING * * *
Duvessa hits you with a +0 rapier of protection!
* * * LOW HITPOINT WARNING * * *
You smack Duvessa!
You punch Duvessa.
Duvessa is almost dead.
The iguana bites you!
You die...

....##.........#
...............##
..###...#......# .
#..##....#.... >
#..##....#.....
..###.#.....#......
...................
......lfe..........
.......♣.......... ...
................# #....
...............# .....
......$........# .....
...............###.....
........>......##......#
..................####.#
..........##............
.>.......##......##....


You could see Duvessa (berserk), a sleepcap (contam) and an iguana.

Vanquished Creatures
  Grinder (D:5)
  An ogre (D:4)
  3 phantoms (D:4)
  Blork the orc (D:5)
  Dowan (D:5)
  2 jellies
  3 bullfrog zombies (D:4)
  A hound (D:4)
  2 scorpion zombies (D:4)
  A hound skeleton (D:4)
  2 hound zombies (D:4)
  5 adders
  2 adder zombies (D:4)
  An adder skeleton (D:4)
  3 dart slugs
  4 ribbon worms
  6 orcs
  10 bats
  10 endoplasms
  2 giant cockroaches (D:1)
  4 goblins
  8 hobgoblins
  2 jackals (D:4)
  6 kobolds
  A quokka (D:1)
  9 ball pythons
  6 rats
97 creatures vanquished.

Notes
Turn   | Place    | Note
-------+----------+-------------------------------------------
     0 | D:1      | monsoonserge the Gnoll Shapeshifter began the quest for the
                  | Orb.
     0 | D:1      | Reached XP level 1. HP: 17/17 MP: 1/1
   105 | D:1      | Reached XP level 2. HP: 22/23 MP: 2/2
   459 | D:1      | Reached XP level 3. HP: 28/28 MP: 3/3
   731 | D:2      | Reached skill level 1 in Invocations
   761 | D:2      | Found an iron altar of Okawaru.
   815 | D:2      | Reached skill level 1 in Short Blades
   815 | D:2      | Reached skill level 1 in Long Blades
   815 | D:2      | Reached skill level 1 in Axes
   815 | D:2      | Reached skill level 1 in Maces & Flails
   815 | D:2      | Reached skill level 1 in Polearms
   815 | D:2      | Reached skill level 1 in Staves
   815 | D:2      | Reached skill level 1 in Ranged Weapons
   815 | D:2      | Reached skill level 1 in Throwing
   815 | D:2      | Reached skill level 1 in Armour
   815 | D:2      | Reached skill level 1 in Stealth
   815 | D:2      | Reached skill level 1 in Shields
   815 | D:2      | Reached skill level 1 in Spellcasting
   815 | D:2      | Reached skill level 1 in Evocations
   815 | D:2      | Reached XP level 4. HP: 13/34 MP: 5/5
   921 | D:2      | Reached skill level 1 in Conjurations
   921 | D:2      | Reached skill level 1 in Hexes
   921 | D:2      | Reached skill level 1 in Summonings
   921 | D:2      | Reached skill level 1 in Necromancy
   921 | D:2      | Reached skill level 1 in Translocations
   921 | D:2      | Reached skill level 1 in Fire Magic
   921 | D:2      | Reached skill level 1 in Ice Magic
   921 | D:2      | Reached skill level 1 in Air Magic
   921 | D:2      | Reached skill level 1 in Earth Magic
   921 | D:2      | Reached skill level 1 in Alchemy
  1418 | D:3      | Found a faded altar of an unknown god.
  1597 | D:3      | Reached XP level 5. HP: 38/40 MP: 7/7
  2163 | D:4      | Noticed a phantom
  2163 | D:4      | Noticed a phantom
  2176 | D:4      | Killed a phantom
  2177 | D:4      | Reached skill level 5 in Dodging
  2177 | D:4      | Reached XP level 6. HP: 39/47 MP: 8/8
  2183 | D:4      | Found a broken altar of Ashenzari.
  2183 | D:4      | Found a snail-covered altar of Cheibriados.
  2187 | D:4      | Found an ornate altar of the Wu Jian Council.
  2316 | D:4      | Found an ancient bone altar of Kikubaaqudgha.
  2317 | D:4      | Found a shadowy altar of Dithmenos.
  2375 | D:4      | Reached XP level 7. HP: 33/52 MP: 10/10
  2867 | D:4      | Found a burning altar of Makhleb.
  2984 | D:5      | Entered Level 5 of the Dungeon
  2998 | D:5      | Noticed Duvessa
  2998 | D:5      | Noticed Dowan
  3059 | D:5      | Noticed Grinder
  3062 | D:5      | Noticed Blork the orc
  3067 | D:5      | Killed Grinder
  3068 | D:5      | Reached XP level 8. HP: 53/60 MP: 12/12
  3076 | D:5      | Killed Blork the orc
  3092 | D:4      | Became a worshipper of the Wu Jian Council
  3306 | D:5      | Killed Dowan
  3312 | D:5      | Slain by an iguana

Illustrated notes

Levels and vault maps discovered:
D:1:      lightli_iron_boxes, layout_loops_ring
D:2:      layout_rooms, basic_altar, kennysheep_nub
D:3:      layout_loops_ring, shapermc_ecumenical_altar_petra
D:4:      kennysheep_spiral_hall, layout_basic, makhleb_heckhound_becter,
          nicolae_overflow_hidden_temple, serial_undead, serial_undead_d,
          serial_undead_d, serial_undead_b, serial_undead_a, serial_undead_d,
          serial_undead_a, serial_undead_e, ebering_dispersal_statue_hall,
          serial_library_hellmonk_recessed_alcove
D:5:      layout_cave_pools, serial_shops, nicolae_shop_pleasant_corner_grove,
          nicolae_zig_zag_zippers, uniq_grinder, uniq_duvessa,
          uniq_blork_the_orc

Skill      XL: |  1  2  3  4  5  6  7 |
---------------+----------------------+-----
Invocations    | 1 2 3 |  3.5
Short Blades   | 1 2 3 |  3.2
Long Blades    | 1 2 3 |  3.2
Axes           | 1 2 3 |  3.2
Maces & Flails | 1 2 3 |  3.2
Polearms       | 1 2 3 |  3.2
Staves         | 1 2 3 |  3.2
Ranged Weapons | 1 2 3 |  3.2
Throwing       | 1 2 3 |  3.2
Armour         | 1 2 3 |  3.2
Stealth        | 1 2 3 |  3.2
Shields        | 1 2 3 |  3.2
Spellcasting   | 1 2 3 |  3.2
Evocations     | 1 2 3 |  3.2
Conjurations   | 1 2 |  2.6
Hexes          | 1 2 |  2.6
Summonings     | 1 2 |  2.6
Necromancy     | 1 2 |  2.6
Translocations | 1 2 |  2.6
Fire Magic     | 1 2 |  2.6
Ice Magic      | 1 2 |  2.6
Air Magic      | 1 2 |  2.6
Earth Magic    | 1 2 |  2.6
Alchemy        | 1 2 |  2.6
Fighting       | 3 4 |  4.2
Dodging        | 5 |  5.6
Unarmed Combat | 7 |  7.3
Shapeshifting  | 7 |  7.2

Action                     |  1- 3 |  4- 6 |  7- 9 || total
---------------------------+-------+-------+-------++-------
  Melee: Unarmed           |    70 |   141 |    95 ||   306
         Bite              |    10 |    23 |    14 ||    47
         Punch             |     1 |       |     1 ||     2
  Evoke: Wand              |       |       |     1 ||     1
    Use: Scroll            |       |     1 |       ||     1
         Potion            |       |       |     1 ||     1
 Armour: Animal skin       |     6 |       |       ||     6
         Ring mail         |    15 |       |       ||    15
         Skin              |     4 |    45 |    40 ||    89
  Dodge: Dodged            |    41 |   107 |    56 ||   204
   Form: Flux              |     1 |       |       ||     1
